 Dungeon Crawl Stone Soup version 0.28-a0-48-gfd831c5874 (webtiles) character file.

Game seed: 15885938477782560795

30 Spectrina the Sneak (level 3, 0/22 HPs)
             Began as a Deep Elf Delver on July 29, 2021.
             Was an Initiate of Okawaru.
             Slain by Terence (4 damage)
             ... on level 2 of the Dungeon.
             The game lasted 00:07:14 (779 turns).

Spectrina the Sneak (Deep Elf Delver)                Turns: 779, Time: 00:07:15

Health: 0/22       AC:  7    Str: 10    XL:     3   Next: 5%
Magic:  5/5        EV:  9    Int: 14    God:    Okawaru [......]
Gold:   57         SH:  7    Dex: 16    Spells: 2/2 levels left

rFire   . . .      SeeInvis .   a - +0 short sword
rCold   . . .      Faith    .   i - +0 kite shield
rNeg    . . .      Spirit   .   b - +0 leather armour
rPois   .          Reflect  .   (helmet restricted)
rElec   .          Harm     .   (no cloak)
rCorr   .          Rampage  .   (no gloves)
Will    .....                   (no boots)
Stlth   +++.......              (no amulet)
HPRegen 0.07/turn               e - +4 ring of protection
MPRegen 0.09/turn               (no ring)

@: no status effects
A: beak
a: Renounce Religion


You were on level 2 of the Dungeon.
You worshipped Okawaru.
Okawaru was noncommittal.
You visited 1 branch of the dungeon, and saw 5 of its levels.

You collected 57 gold pieces.

Inventory:

Hand Weapons
 a - a +0 short sword (weapon)
Missiles
 h - 94 stones
 k - 3 boomerangs (quivered)
Armour
 b - a +0 leather armour (worn)
 i - a +0 kite shield (worn)
 l - a +2 helmet
Jewellery
 e - a +4 ring of protection (left hand)
Wands
 g - a wand of digging (3)
Scrolls
 c - a scroll of fog
 d - a scroll of magic mapping
 m - a scroll of teleportation {unknown}
Potions
 f - a potion of haste


   Skills:
 - Level 2.4 Fighting
 - Level 2.0(2.3) Short Blades
 + Level 1.4(1.9) Long Blades
 - Level 2.4 Dodging
 - Level 6.7 Stealth


You had 2 spell levels left.
You didn't know any spells.
Your spell library contained the following spells:

 Spells                   Type           Power      Damage    Failure   Level
 Corpse Rot               Necr/Air       N/A        N/A       99%         2
 Poisonous Vapours        Pois/Air       0%         N/A       99%         2
 Freezing Cloud           Conj/Ice/Air   0%         6-21      100%        5


Dungeon Overview and Level Annotations

Branches:
Dungeon (5/15)
 Temple: D:4-7

Altars:
Okawaru

Shops:
D:2 *   D:4 *(*

Annotations:
D:2 Terence


Innate Abilities, Weirdness & Mutations

You have a beak for a mouth.


Message History

You block Terence's attack. Terence says, "Did you write a will?
You should..."
Terence shouts, "ATTACK!!!"
Terence shouts, "Now you die!"
There is a stone staircase leading down here.
You open the door.
A rat comes into view.
Found Pedemnin's General Store.
The rat bites you but does no damage.
There is an open door here.
You hit the rat but do no damage. Your peck misses the rat.
You block the rat's attack. Terence hits you but does no damage.
You closely miss the rat. The quokka barely misses you.
You block the rat's attack. Terence barely misses you.
The quokka bites you but does no damage.
The rat closely misses you. You block Terence's attack.
You closely miss the rat. You peck the rat.
The rat is moderately wounded.
You block the quokka's attack. The rat bites you but does no damage.
Terence hits you with a +0 mace.
You hit the rat but do no damage.
The quokka bites you but does no damage.
The rat bites you but does no damage. Terence hits you with a +0 mace.
The quokka bites you.
You hit the rat.
You kill the rat!
Okawaru accepts your kill. The quokka bites you.
* * * LOW HITPOINT WARNING * * *
Terence hits you but does no damage.
The quokka bites you but does no damage.
There is an entrance to Pedemnin's General Store here.
You see here a rat corpse.
As you open the door, it creaks loudly! Terence barely misses you.
Found 14 arrows.
Unknown command.
There is an open door here.
Terence hits you with a +0 mace.
You die...

#.# ##...##### #.#
##.## #.# #.# ###.#
#.# #.# #...# #.#
#.# #.# #.# #.# #.#
# #.# #.#
#.#.#######.#
##.###.#.......(.#
#
)............###@##
.#
######.########.@.#
.## # #.r...#
#.#r##..#.. #####.#
#.+∩+...... #.#
###'#.....# #.#
#..# ##########.#
##.# ........##.##
#.# ####.##.#...#
#.#


You could see Terence and a quokka.

Vanquished Creatures
  An adder (D:4)
  3 ball pythons
  2 endoplasms (D:2)
  3 goblins
  2 hobgoblins
  2 jackals (D:4)
  2 kobolds (D:2)
  A bat (D:2)
  2 frilled lizards
  2 rats
20 creatures vanquished.

Notes
Turn   | Place    | Note
-------+----------+-------------------------------------------
     0 | D:5      | Spectrina the Deep Elf Delver began the quest for the Orb.
     0 | D:5      | Reached XP level 1. HP: 13/13 MP: 3/3
    68 | D:4      | Reached XP level 2. HP: 18/18 MP: 4/4
   127 | D:4      | Found Vist's Assorted Antiques.
   128 | D:4      | Noticed a yak
   184 | D:4      | Found an iron altar of Okawaru.
   192 | D:4      | Became a worshipper of Warmaster Okawaru
   223 | D:4      | Found Myitzeil's Antique Weapon Shoppe.
   239 | D:4      | Found Bengud's Assorted Antiques.
   533 | D:2      | Reached skill level 1 in Long Blades
   612 | D:2      | Noticed Terence
   642 | D:2      | Reached XP level 3. HP: 13/22 MP: 5/5
   651 | D:2      | Gained mutation: You have a beak for a mouth. [potion of
                  | mutation]
   768 | D:2      | Found Pedemnin's General Store.
   779 | D:2      | Slain by Terence

Illustrated notes

Levels and vault maps discovered:
D:1:      dpeg_arrival_brainrot, layout_basic,
          shapermc_ecumenical_altar_hornbeckon, minmay_pentomino_t2
D:2:      layout_loops_ring, serial_shops, nicolae_shop_behind_doors,
          uniq_terence, uniq_crazy_yiuf_cottage
D:3:      cheibrodos_old_hovel, layout_basic, minmay_joined_circles, uniq_robin
D:4:      layout_rooms, kennysheep_little_box, serial_shops,
          nicolae_square_shop, shop, nicolae_shop_window_shopping, shop,
          minmay_manual_monstrance, uniq_ijyb
D:5:      layout_loops_cross, minmay_increasing_density

Skill      XL: |  1  2 |
---------------+-------+-----
Long Blades    | 1 |  1.4
Fighting       | |  2.4
Short Blades   | |  2.0
Dodging        | |  2.4
Stealth        | |  6.7

Action                   || total
-------------------------++-------
Melee: Short sword       ||    85
       Peck              ||     1
  Use: Scroll            ||     1
       Potion            ||     1
 Stab: Sleeping          ||     5
Armor: Leather armour    ||    34
Dodge: Dodged            ||    52
Block: Kite shield       ||    24

Table legend: (Time is in decaauts)
 A = Elapsed time spent in this place.
 B = Non-inter-level travel time spent in this place.
 C = Inter-level travel time spent in this place.
 D = Time resting spent in this place.
 E = Time spent auto-exploring this place.
 F = Levels seen in this place.
 G = Mean time per level.
                   A        B        C        D        E       F      G
               +--------+--------+--------+--------+--------+-----+--------+
         Total |    796 |    796 |      0 |      0 |      0 |   5 |  159.2 |
       Dungeon |    796 |    796 |      0 |      0 |      0 |   5 |  159.2 |
               +--------+--------+--------+--------+--------+-----+--------+

Top non-repeatable levels by time:
     D:2: 284 daAuts
     D:4: 235 daAuts
     D:3: 210 daAuts
     D:5: 63 daAuts
     D:1: 3 daAuts
